 Dungeon Crawl Stone Soup version 0.22-a0-515-g75794bf (webtiles) character file.

358 inc the Twirler (level 6, 0/47 HPs)
             Began as a Formicid Fighter on June 19, 2018.
             Was a Follower of Cheibriados.
             Slain by a howler monkey skeleton (5 damage)
             ... on level 7 of the Dungeon.
             The game lasted 00:05:46 (3099 turns).

inc the Twirler (Formicid Fighter)                  Turns: 3099, Time: 00:05:46

Health: 0/47       AC: -7    Str: 23    XL:     6   Next: 97%
Magic:  6/6        EV:  8    Int: 11    God:    Cheibriados [*.....]
Gold:   172        SH: 10    Dex: 12    Spells: 5/5 levels left

rFire    . . .     SeeInvis +   a - +0 quarterstaff
rCold    . . .     Gourm    .   c - +0 shield
rNeg     . . .     Faith    .   b - +0 scale mail
rPois    .         Spirit   .   (helmet unavailable)
rElec    .         Reflect  .   (no cloak)
rCorr    .         Harm     .   s - +0 pair of gloves
MR       .....                  (no boots)
Stlth    ..........             i - amulet of the acrobat
HPRegen  0.15/turn              q - ring of flight
MPRegen  0.10/turn              (no ring)

@: corroded, very slow
A: permanent stasis, dig shafts and tunnels, four strong arms, antennae 3
a: Dig, Shaft Self, Bend Time, Renounce Religion, Evoke Flight


You were on level 7 of the Dungeon.
You worshipped Cheibriados.
Cheibriados was aware of your devotion.
You were hungry.

You visited 1 branch of the dungeon, and saw 6 of its levels.

You collected 172 gold pieces.

Inventory:

Hand Weapons
 a - a +0 quarterstaff (weapon)
 u - the +5 whip of the Maze {protect, rElec rF- MR+ Dex+4}
   (You found it on level 4 of the Dungeon)

   It protects the one who uses it against injury (+AC on strike).
   It affects your dexterity (+4).
   It makes you vulnerable to fire.
   It insulates you from electricity.
   It affects your resistance to hostile enchantments.
Armour
 b - a +0 scale mail (worn)
 c - a +0 shield (worn)
 s - a +0 pair of gloves (worn)
Jewellery
 i - an amulet of the acrobat (around neck)
 q - a ring of flight (left hand)
Wands
 n - a wand of flame (28)
 o - a wand of iceblast (12)
Scrolls
 e - 11 scrolls of identify {unknown}
 h - 3 scrolls of blinking {unknown}
 k - 2 scrolls of remove curse {unknown}
 l - a scroll of teleportation {unknown}
 r - 3 scrolls of noise {unknown}
 t - a scroll of enchant weapon {unknown}
 w - a scroll of enchant armour {unknown}
 x - a scroll of fog {unknown}
 y - a scroll of amnesia {unknown}
Potions
 d - 2 potions of might
 g - a potion of curing {unknown}
 j - a potion of lignification {unknown}
 m - 2 potions of haste {unknown}
 p - a potion of agility {unknown}
 v - a potion of cancellation {unknown}
Comestibles
 f - 10 rations


   Skills:
 - Level 3.2 Fighting
 + Level 6.6 Staves
 - Level 3.2 Armour
 + Level 4.1 Shields


You had 5 spell levels left.
You didn't know any spells.
Your spell library was empty.

Dungeon Overview and Level Annotations

Branches:
Dungeon (5/15)
 Temple: D:4-7

Altars:
Cheibriados
Fedhas
Makhleb
Vehumet
Wu Jian

Annotations:
D:5 2 transporters


Innate Abilities, Weirdness & Mutations

You cannot be hasted, slowed, berserked, paralysed or teleported.
You can dig through walls and to a lower floor.
Your four strong arms can wield two-handed weapons with a shield.
You have a pair of large antennae on your head. (SInv)


Message History

You hit the howler monkey skeleton but do no damage.
The howler monkey skeleton barely misses you.
You hit the howler monkey skeleton but do no damage.
You block the howler monkey skeleton's attack.
Your shield and scale mail prevent you from hitting the howler monkey skeleton.
The howler monkey skeleton hits you.
* * * LOW HITPOINT WARNING * * *
You sock the howler monkey skeleton!
The howler monkey skeleton is heavily damaged.
You block the howler monkey skeleton's attack.
You completely miss the howler monkey skeleton.
The howler monkey skeleton is heavily damaged.
The howler monkey skeleton barely misses you.
You hit the howler monkey skeleton but do no damage.
The howler monkey skeleton is heavily damaged.
You block the howler monkey skeleton's attack.
You barely miss the howler monkey skeleton.
The howler monkey skeleton is heavily damaged.
The howler monkey skeleton hits you.
You die...

.## ...
.. #
#.#.###.#
#...Z@..#
###.###.#
# #


You could see a howler monkey skeleton.

Vanquished Creatures
  A sky beast (D:4)
  A jelly (D:5)
  A hound (D:4)
  An iguana (D:4)
  Ijyb (D:3)
  4 gnolls
  An adder (D:2)
  An adder zombie (D:5)
  4 worms
  5 dart slugs
  3 leopard geckos
  2 ball pythons
  10 bats
  3 giant cockroaches
  8 goblins
  7 hobgoblins
  8 jackals
  8 kobolds
  3 quokkas
  2 frilled lizards
  5 rats
79 creatures vanquished.

Notes
Turn   | Place    | Note
-------+----------+-------------------------------------------
     0 | D:1      | inc the Formicid Fighter began the quest for the Orb.
     0 | D:1      | Reached XP level 1. HP: 18/18 MP: 1/1
   116 | D:1      | Reached XP level 2. HP: 20/24 MP: 2/2
   205 | D:1      | Reached skill level 3 in Staves
   205 | D:1      | Reached XP level 3. HP: 29/29 MP: 3/3
   778 | D:2      | Reached skill level 4 in Staves
   778 | D:2      | Reached XP level 4. HP: 35/35 MP: 4/4
  1182 | D:2      | Found a radiant altar of Vehumet.
  1325 | D:2      | Found a snail-covered altar of Cheibriados.
  1333 | D:2      | Became a worshipper of Cheibriados the Contemplative
  1739 | D:3      | Found a faded altar of an unknown god.
  1782 | D:3      | Found a blossoming altar of Fedhas.
  1815 | D:3      | Reached XP level 5. HP: 41/41 MP: 5/5
  1835 | D:3      | Noticed Ijyb
  1843 | D:3      | Killed Ijyb
  1843 | D:3      | Reached skill level 5 in Staves
  2425 | D:4      | Noticed a sky beast
  2433 | D:4      | Killed a sky beast
  2433 | D:4      | Reached skill level 6 in Staves
  2433 | D:4      | Reached XP level 6. HP: 39/47 MP: 6/6
  2729 | D:4      | Got a scorched whip
  2730 | D:4      | Identified the +5 whip of the Maze {protect, rElec rF- MR+ Dex+4} (You found it on level 4 of the Dungeon)
  2941 | D:4      | Found a burning altar of Makhleb.
  3000 | D:5      | Entered Level 5 of the Dungeon
  3006 | D:5      | Reached * piety under Cheibriados
  3059 | D:5      | Found an ornate altar of the Wu Jian Council.
  3067 | D:5      | Found a transporter.
  3068 | D:5      | Noticed a hungry ghost
  3073 | D:5      | Found a transporter.
  3091 | D:5      | You fall through a shaft for 2 floors!
  3099 | D:7      | Slain by a howler monkey skeleton

Vault maps used:
D:1:      ncdulo_halloftheorcs
D:2:      kennysheep_slug_shrine, lemuel_round_altar
D:3:      minmay_wonky_spiral, fedhas_altar_2, chequers_ecumenical_altar_simple,
          hangedman_feature_mirror, uniq_ijyb
D:4:      first_ration, makhleb_heckhound_becter
D:5:      kennysheep_little_box, gammafunk_temple_overflow_arena,
          minmay_ruined_shrine
D:7:      marbit_many_paths, grunt_ogre_cave

Skill      XL: |  1  2  3  4  5  6 |
---------------+-------------------+-----
Staves         | 3 4 6 |  6.6
Shields        | 4 |  4.1
Fighting       | |  3.2
Armour         | |  3.2

Action                   |  1- 3 |  4- 6 || total
-------------------------+-------+-------++-------
Melee: Quarterstaff      |    96 |   204 ||   300
 Abil: Dig               |       |     2 ||     2
       Shaft Self        |       |     1 ||     1
  Eat: Chunk             |       |     8 ||     8
Armor: Scale mail        |    54 |    77 ||   131
Dodge: Dodged            |    54 |    65 ||   119
Block: Shield            |    60 |    94 ||   154

Table legend:
 A = Spawn XP
 B = Non-spawn XP
 C = Spawn XP percentage of total XP
 D = Spawn monster count
 E = Non-spawn monster count
 F = Spawn count percentage of total count
 G = Total turns spent on level
                    A         B        C        D         E        F      G
               +---------+---------+-------+---------+---------+-------+---------
         Total |       0 |     512 |   0.0 |       0 |      79 |   0.0 |  3099
               +---------+---------+-------+---------+---------+-------+---------
           D:1 |       0 |      68 |   0.0 |       0 |      28 |   0.0 |   776
           D:2 |       0 |      68 |   0.0 |       0 |      26 |   0.0 |   909
           D:3 |       0 |      52 |   0.0 |       0 |       9 |   0.0 |   733
           D:4 |       0 |     271 |   0.0 |       0 |      13 |   0.0 |   582
           D:5 |       0 |      53 |   0.0 |       0 |       3 |   0.0 |    91
               +---------+---------+-------+---------+---------+-------+---------
